Unix NetHack Version 5.0.0-0 post-release - last build Jul 19 2026 19:10:59 (3aa4ab31751d3886436d94b585a96704892fd477,branch:main).

Game began 2026-07-30 01:34:39, ended 2026-07-30 02:33:49.

IanCurtis, chaotic male elven Wizard

                                 -------------
                                 ....*...<...|
                                 |...........|
                           #@s###......).....|
                      ....       -.-----------
                     ----

IanCurtis the Conjurer    St:7 Dx:11 Co:16 In:19 Wi:10 Ch:12  Chaotic
Dlvl:7  $:311 HP:0(27) Pw:0(25) AC:9  Xp:3 T:1640 

Latest messages:
 You start bashing it with your quarterstaff.
 You succeed in forcing the lock.
 C - a scroll labeled ZELGO MER.
 The door resists!
 The door opens.
 You see here a lamp.
 D - a lamp.
 You see here 22 gold pieces.
 $ - 22 gold pieces (304 in total).
 You see here a dark blue spellbook.
 E - a dark blue spellbook.
 In what direction? l
 The spell hits the floating eye.
 You kill the floating eye!
 An emerald potion shatters!
 You see here a floating eye corpse.
 There is a floating eye corpse here; eat it? [ynq] (n) y
 This floating eye corpse tastes terrible!
 You finish eating the floating eye corpse.
 You descend the stairs.
 You find a hidden door.
 The door resists!
 The door resists!
 The door opens.
 The rabid rat bites!
 In what direction? l
 The spell hits the rabid rat.
 The rabid rat bites!
 In what direction? l
 The spell hits the rabid rat!
 The rabid rat bites!
 In what direction? l
 The spell hits the rabid rat!
 You kill the rabid rat!
 You stop searching.
 You descend the stairs.
 In what direction? h
 The spell hits the goblin!
 You kill the goblin!
 You see here 7 gold pieces.
 $ - 7 gold pieces (311 in total).
 F - an iron skull cap.
 The giant spider bites!
 The giant spider's bite was poisoned!
 In what direction? l
 The spell hits the giant spider!
 The giant spider bites!
 The giant spider bites!
 You die...
 Do you want your possessions identified? [ynq] (y) q

Inventory:
 Coins    ('$')
  $ - 311 gold pieces
 Amulets  ('"')
  x - a cursed amulet of strangulation
 Weapons  (')')
  a - a blessed +1 quarterstaff (weapon in hands)
 Armor    ('[')
  F - an uncursed +0 orcish helm
  b - an uncursed +0 cloak of magic resistance (being worn)
 Comestibles  ('%')
  w - an uncursed food ration
 Scrolls  ('?')
  s - a cursed scroll of amnesia
  k - an uncursed scroll of confuse monster
  j - an uncursed scroll of create monster
  i - 2 uncursed scrolls of enchant armor
  z - a cursed scroll of light
  C - an uncursed scroll of scare monster
 Spellbooks  ('+')
  m - an uncursed spellbook of detect monsters
  E - an uncursed spellbook of extra healing
  l - a blessed spellbook of force bolt
 Potions  ('!')
  u - an uncursed potion of booze
  g - a blessed potion of healing
  r - 3 uncursed potions of healing
  t - a blessed potion of levitation
  f - an uncursed potion of water
  h - an uncursed potion of water
 Rings    ('=')
  d - an uncursed +1 ring of increase accuracy
  e - an uncursed ring of teleportation
 Wands    ('/')
  c - a wand of digging (0:5)
  v - a wand of light (0:13)
 Tools    ('(')
  o - an uncursed wooden flute
  n - a magic marker (0:19)
  D - an uncursed oil lamp
 Gems/Stones  ('*')
  B - 2 uncursed flint stones

IanCurtis the Wizard's attributes:

Background:
 You were a Conjurer, a level 3 male elven Wizard.
 You were chaotic, on a mission for Anhur
 who was opposed by Ptah (lawful) and Thoth (neutral).
 You were right-handed.
 You were in the Dungeons of Doom, on level 7.
 You entered the dungeon 1640 turns ago.
 It was nighttime.
 There was a full moon in effect when your adventure ended.
 You had 66 experience points, 14 more were needed to attain level 4.

Basics:
 You had 0 out of 27 hit points.
 You had 0 out of 25 energy points (spell power).
 Your armor class was 9.
 Your wallet contained 311 zorkmids.
 Autopickup was off.

Final Characteristics:
 Your strength was 7 (limit:18).
 Your dexterity was 11 (limit:18).
 Your constitution was 16 (limit:16).
 Your intelligence was 19 (limit:20).
 Your wisdom was 10 (limit:20).
 Your charisma was 12 (limit:18).

Final Status:
 You weren't hungry.
 You were unencumbered.
 You were wielding a quarterstaff.
 You had basic skill with quarterstaff.

Final Attributes:
 You were devoutly aligned.
 You were magic-protected.
 You were telepathic.
 You had infravision.
 You were warded.
 You were lucky.
 You are dead.

Miscellaneous:
 You didn't encounter any bones levels.
 Total elapsed playing time was 40 minutes and 46 seconds.

Major events:
 Turn
    1: IanCurtis the chaotic male elven Wizard entered the dungeon
 1445: attained the rank of Conjurer (level 3)
 1640: killed by a giant spider

Spells:
 Name                 Level Category     Fail Retention
 force bolt             1   attack         0%  91%-100%
 detect monsters        1   divination     0%  76%-100%

Skills:
 Fighting Skills
   bare handed combat [Unskilled]
   riding             [Unskilled]
 Weapon Skills
   dagger             [Unskilled]
   knife              [Unskilled]
   axe                [Unskilled]
   short sword        [Unskilled]
   club               [Unskilled]
   mace               [Unskilled]
   quarterstaff       [Basic]
   polearms           [Unskilled]
   spear              [Unskilled]
   trident            [Unskilled]
   sling              [Unskilled]
   dart               [Unskilled]
   shuriken           [Unskilled]
 Spellcasting Skills
   attack spells      [Basic]
   healing spells     [Unskilled]
   divination spells  [Unskilled]
   enchantment spells [Basic]
   clerical spells    [Unskilled]
   escape spells      [Unskilled]
   matter spells      [Unskilled]

Voluntary challenges:
 Character rerolling was not enabled.
 You never genocided any monsters.
 You never polymorphed an object.
 You never changed form.
 You used no wishes.
Achievements:
 You entered a shop.
 You attained the rank of Conjurer.

 The Dungeons of Doom: levels 1 to 7
    Level 1:
    Level 2:
       A general store.
    Level 3: "vault"
       A fountain.
    Level 4:
       A fountain.
    Level 5: "vault"
       A fountain.
    Level 6:
       A fountain.
    Level 7: <- You were here.
       Final resting place for
          you, killed by a giant spider.


Vanquished creatures:
  2 floating eyes
  a rabid rat
  2 coyotes
  a green mold
  a gnome zombie
  4 geckos
  a jackal
  2 foxes
  a goblin
  5 grid bugs
  4 lichens
  a kobold zombie
  4 newts
29 creatures vanquished.

No species were genocided or became extinct.

Game over:
                       ----------
                      /          \
                     /    REST    \
                    /      IN      \
                   /     PEACE      \
                  /                  \
                  |    IanCurtis     |
                  |      311 Au      |
                  |   killed by a    |
                  |   giant spider   |
                  |                  |
                  |                  |
                  |       2026       |
                 *|     *  *  *      | *
        _________)/\\_//(\/(/\)/\//\/|_)_______

Goodbye IanCurtis the Wizard...

You died in The Dungeons of Doom on dungeon level 7 with 844 points,
and 311 pieces of gold, after 1640 moves.
You were level 3 with a maximum of 27 hit points when you died.

